 Dungeon Crawl Stone Soup version 0.27-a0-54-g64bdb92e38 (webtiles) character file.

Game seed: 18434565939589170019

4641 lunkers the Zephyrmancer (level 10, 0/44 HPs)
             Began as a Spriggan Air Elementalist on Jan 7, 2021.
             Was a Follower of Ashenzari.
             Slain by a death yak (13 damage)
             ... on level 9 of the Dungeon.
             The game lasted 00:22:24 (12184 turns).

lunkers the Zephyrmancer (SpAE)                    Turns: 12184, Time: 00:22:24

Health: 0/44       AC:  8    Str:  4    XL:     10   Next: 20%
Magic:  4/24       EV: 19    Int: 19    God:    Ashenzari [*.....]
Gold:   579        SH:  7    Dex: 18    Spells: 18/28 levels left

rFire    . . .     SeeInvis +   l - +2 dagger (speed) (curse)
rCold    . . .     Faith    .   i - +0 buckler (curse)
rNeg     . . .     Spirit   .   n - +0 robe (curse)
rPois    .         Reflect  .   (helmet restricted)
rElec    .         Harm     .   k - +1 cloak (curse)
rCorr    .         Rampage  .   (gloves unavailable)
Will     +....                  (boots unavailable)
Stlth    ++........             g - amulet of regeneration (curse)
HPRegen  0.54/turn              x - +4 ring of protection (curse)
MPRegen  0.19/turn              (no ring)

@: very quick
A: very small, unfitting armour, see invisible, speed 3
a: Renounce Religion, Curse Item, Scrying


You were on level 9 of the Dungeon.
You worshipped Ashenzari.
Ashenzari was aware of your devotion.
You visited 2 branches of the dungeon, and saw 10 of its levels.

You collected 579 gold pieces.

Inventory:

Hand Weapons
 l - a cursed +2 dagger of speed (weapon)
 w - a +2 whip of flaming
 z - a +2 scimitar of flaming
Armour
 i - a cursed +0 buckler (worn)
 k - a cursed +1 cloak (worn)
 n - a cursed +0 robe (worn)
 y - a +2 buckler
 A - a +2 robe of cold resistance
Jewellery
 g - a cursed amulet of regeneration (around neck)
 x - a cursed +4 ring of protection (left hand)
Wands
 o - a wand of polymorph (8)
 B - a wand of iceblast (8)
Scrolls
 b - 8 scrolls of identify
 d - 3 scrolls of remove curse
 f - 3 scrolls of fog {unknown}
 h - 9 scrolls of teleportation
 j - 2 scrolls of amnesia {unknown}
 p - a scroll of enchant weapon {unknown}
 q - 3 scrolls of immolation {unknown}
 t - a scroll of enchant armour {unknown}
 u - a scroll of blinking {unknown}
Potions
 c - 5 potions of curing
 e - 3 potions of heal wounds
 m - 2 potions of attraction
 r - a potion of haste
 s - 2 potions of lignification
 v - a potion of brilliance
 C - a potion of flight {unknown}


   Skills:
 + Level 0.5 Fighting
 + Level 3.4 Dodging
 - Level 3.0 Stealth
 - Level 5.0 Shields
 + Level 9.5 Spellcasting
 - Level 0.6 Conjurations
 * Level 10.3 Air Magic


You had 18 spell levels left.
You knew the following spells:

 Your Spells              Type           Power        Failure   Level
a - Airstrike             Air            24%          1%          4
b - Swiftness             Air            48%          1%          2
c - Static Discharge      Conj/Air       29%          2%          3
d - Shock                 Conj/Air       100%         1%          1

Your spell library contained the following spells:

 Spells                   Type           Power        Failure   Level
 Summon Small Mammal      Summ           36%          9%          1
 Lightning Bolt           Conj/Air       14%          26%         5


Dungeon Overview and Level Annotations

Branches:
Dungeon (9/15)             Temple (1/1) D:7
   Lair: D:8-11         Orc: D:9-12

Altars:
Ashenzari
Cheibriados
Dithmenos
Elyvilon
Gozag
Hepliaklqana
Kikubaaqudgha
Makhleb
Nemelex Xobeh
Okawaru
Qazlal
Ru
Sif Muna
Trog
Uskayaw
Vehumet
Wu Jian
Xom
Yredelemnul
Zin
The Shining One

Shops:
D:4 =   D:5 *}}*

Annotations:
D:5 2 transporters, Coron's ghost, novice DDDe


Innate Abilities, Weirdness & Mutations

You are very small and have problems with some larger weapons.
You are too small for most types of armour.
You have supernaturally acute eyesight. (SInv)
You cover ground extremely quickly.


Message History

You block the death yak's attack.
Evoke which item? (* to show all) (? for menu, Esc to quit)
Aiming: Paralyse
Press: ? - help, Shift-Dir - straight line, p - wight The wight resists with some effort.
You block the death yak's attack. You block the wight's attack.
Evoke which item? (* to show all) (? for menu, Esc to quit)
Aiming: Paralyse
Press: ? - help, Shift-Dir - straight line The wight resists with some effort.
The now-empty wand crumbles to dust.
The death yak gores you!!
* * * LOW HITPOINT WARNING * * *
You closely miss the wight. You block the wight's attack.
A death yak comes into view.
The death yak barely misses you.
You barely miss the wight. The wight completely misses you.
The death yak bellows!
You hit the wight but do no damage. The death yak closely misses you.
You barely miss the wight. The death yak gores you!
You die...

######### #.......# ###
#.#####.# ..# #.#####.######.#
#.# ####....##..<.....# #.#
.........#...###### #.#
...........#.## #.#
.#........)...########.######
...............z@YYrY.......#
.#............########.####...
.##.......##.## #.########
.##......###.# #.Y.......
....#...## #.# ##.#######
.##.#.### #.# #Y#
.##.#.######.###### #r#
.................... ...
###.)....#########.# ...


You could see 3 death yaks, a wight and a quokka.

Vanquished Creatures
  Erica (D:8)
  Pikel (D:7)
  A hornet (D:8)
  Grum (D:8)
  2 black bears (D:7)
  An orc warrior (D:6)
  3 ice beasts
  2 sky beasts (D:6)
  2 ogres
  4 phantoms
  3 centaurs
  2 wolves (D:8)
  A big kobold (D:7)
  3 bullfrogs
  4 scorpions
  2 wights (D:9)
  5 howler monkeys
  2 orc priests (D:5)
  2 hounds
  A bullfrog zombie (D:9)
  A gnoll shaman (D:7)
  2 jellies
  3 iguanas
  4 orc wizards
  3 worker ants
  A hound zombie (D:8)
  A hound skeleton (D:5)
  Robin (D:3)
  4 gnolls (D:7)
  9 adders
  A shadow imp (D:5)
  2 ufetubi
  An ooze (D:1)
  An adder zombie (D:7)
  A worm (D:2)
  2 dart slugs
  5 leopard geckos
  15 orcs
  5 giant cockroaches
  16 goblins
  11 hobgoblins
  A quokka (D:4)
  2 ball pythons
  11 bats
  11 frilled lizards
  16 kobolds
  2 leopard gecko skeletons
  2 rats (D:1)
  A toadstool (D:1)
178 creatures vanquished.

Vanquished Creatures (others)
  3 toadstools (D:1)
3 creatures vanquished.

Grand Total: 181 creatures vanquished

Notes
Turn   | Place    | Note
-------+----------+-------------------------------------------
     0 | D:1      | lunkers the Spriggan Air Elementalist began the quest for
                  | the Orb.
     0 | D:1      | Reached XP level 1. HP: 9/9 MP: 5/5
   176 | D:1      | Reached skill level 3 in Air Magic
   305 | D:1      | Reached XP level 2. HP: 13/13 MP: 2/7
   544 | D:1      | You fall into a shaft and drop 1 floor!
  1210 | D:1      | Reached XP level 3. HP: 16/16 MP: 5/8
  2409 | D:2      | Reached skill level 4 in Air Magic
  2409 | D:2      | Reached XP level 4. HP: 20/21 MP: 5/10
  2642 | D:2      | Found a sacrificial altar of Ru.
  2961 | D:3      | Found an ancient bone altar of Kikubaaqudgha.
  3363 | D:3      | Learned a level 2 spell: Swiftness
  3367 | D:3      | Learned a level 3 spell: Static Discharge
  3384 | D:3      | Learned a level 4 spell: Airstrike
  3629 | D:3      | Noticed Robin
  3633 | D:3      | Killed Robin
  3697 | D:3      | Reached XP level 5. HP: 24/24 MP: 7/12
  3882 | D:3      | Found a radiant altar of Vehumet.
  3895 | D:3      | Found a shimmering blue altar of Sif Muna.
  3899 | D:3      | Identified Sif Muna's Reference Book on Creation
  4581 | D:4      | Found a stormy altar of Qazlal.
  4585 | D:4      | Found Iluj's Jewellery Shoppe.
  4602 | D:4      | Found a basalt altar of Yredelemnul.
  5205 | D:4      | Reached skill level 5 in Air Magic
  5398 | D:5      | Entered Level 5 of the Dungeon
  5398 | D:5      | Found Xisareggae's General Store.
  5452 | D:5      | Noticed a phantom
  5712 | D:5      | Found Garoajuv's Gadget Shop.
  5773 | D:5      | Found a sacrificial altar of Ru.
  5773 | D:5      | Found a bloodstained altar of Trog.
  5774 | D:5      | Found a hazy altar of Hepliaklqana.
  5801 | D:5      | Noticed a small abomination
  5844 | D:5      | Reached XP level 6. HP: 23/28 MP: 7/14
  5926 | D:5      | Found a transporter.
  5931 | D:5      | Found a transporter.
  5946 | D:5      | Noticed Coron's ghost (novice DDDe)
  6040 | D:5      | Reached skill level 1 in Shields
  6040 | D:5      | Reached skill level 5 in Spellcasting
  6191 | D:5      | Found Fipinit's General Store.
  6206 | D:5      | Found Fyuthru's Gadget Boutique.
  6302 | D:5      | Noticed an ice beast
  6314 | D:5      | Killed an ice beast
  6315 | D:5      | Reached skill level 6 in Air Magic
  6315 | D:5      | Reached XP level 7. HP: 32/32 MP: 6/16
  6885 | D:5      | Found a sparkling altar of Nemelex Xobeh.
  6909 | D:5      | Reached XP level 8. HP: 32/36 MP: 4/18
  7036 | D:6      | Reached skill level 7 in Air Magic
  8100 | D:7      | Reached skill level 8 in Air Magic
  8754 | D:7      | Noticed Pikel
  8758 | D:7      | Killed Pikel
  8759 | D:7      | Reached XP level 9. HP: 39/39 MP: 4/22
  8886 | D:7      | Reached skill level 9 in Air Magic
  9185 | D:7      | Found a staircase to the Ecumenical Temple.
  9190 | Temple   | Entered the Ecumenical Temple
  9244 | Temple   | Became a worshipper of Ashenzari the Shackled
 10020 | D:8      | Noticed Erica
 10040 | D:8      | Killed Erica
 10338 | D:8      | Found a bloodstained altar of Trog.
 10495 | D:8      | Reached * piety under Ashenzari
 10542 | D:8      | Found a shadowy altar of Dithmenos.
 10543 | D:8      | Found a hide-covered altar of Uskayaw.
 10543 | D:8      | Found a shimmering altar of Xom.
 10819 | D:8      | Reached skill level 10 in Air Magic
 10819 | D:8      | Reached XP level 10. HP: 44/44 MP: 15/24
 10885 | D:8      | Found an iron altar of Okawaru.
 10908 | D:8      | Noticed Grum
 10918 | D:8      | Reached skill level 5 in Shields
 11079 | D:8      | Killed Grum
 12157 | D:9      | Noticed a death yak
 12160 | D:9      | Noticed a death yak
 12181 | D:9      | Noticed a death yak
 12184 | D:9      | Slain by a death yak

Illustrated notes

Levels and vault maps discovered:
D:1:      ldierk_water_garden, layout_loops_cross, serial_co_window_serial,
          co_window_paths_a, co_window_of_opportunity_a,
          co_window_of_opportunity_a, co_window_paths_b,
          co_window_of_opportunity_a, co_window_2corner, co_window_corner_cb,
          co_window_2corner, co_window_paths_c, co_window_4corner_a,
          co_window_4corner_b, glass_columns_c, glass_columns_a,
          glass_columns_a, glass_columns_a, minmay_quantized
D:2:      layout_rooms, serial_aquarium, aquarium_bridge_long_joined
          [aquarium_subvault_wall, aquarium_subvault_window,
          aquarium_subvault_bridge, aquarium_subvault_wall,
          aquarium_subvault_bridge, aquarium_subvault_wall],
          aquarium_window_fake, aquarium_window_1, aquarium_window_2,
          aquarium_window_1, aquarium_view_2c, aquarium_pool_2,
          nicolae_ru_the_path_less_chosen
D:3:      kennysheep_six_static_rooms, layout_basic,
          grunt_temple_overflow_magic_moments, uniq_robin
D:4:      layout_loops_corners, kennysheep_mini, yredelemnul_altar_generic,
          minmay_shop_enchanted_jewellery, minmay_misc_feat_five
D:5:      layout_rooms, minitemple, serial_shops, kennysheep_little_box, shop,
          nicolae_shop_competitors_out_of_business, shop,
          gammafunk_ghost_abyssal_escape, chequers_serial_rivers_room_a,
          minmay_ruined_shrine
D:6:      layout_loops_ring
D:7:      layout_cave_pools, minmay_temple_entry_nine_rooms, uniq_pikel
D:8:      layout_gridville, okawaru_metal_pillars_3,
          chequers_temple_overflow_statue_of_worship, serial_co_window_serial,
          co_window_corner_a, co_window_paths_b, co_window_paths_b,
          co_window_paths_b, co_window_paths_a, co_window_broadway_a,
          co_window_of_opportunity_b, co_window_corner_cb, co_window_corner_cb,
          co_window_corner_b, co_window_paths_e, co_window_4corner_a,
          glass_columns_a, glass_columns_b, glass_columns_a, bloody_trog,
          uniq_erica, uniq_grum
D:9:      layout_loops_ring, lemuel_coloured_pillars_altar, dpeg_lair_monsters
Temple:   kb_temple_of_zot

Skill      XL: |  1  2  3  4  5  6  7  8  9 10 |
---------------+-------------------------------+-----
Air Magic      | 3 4 5 6 8 10 | 10.3
Spellcasting   | 3 4 5 6 8 9 |  9.5
Shields        | 1 2 4 5 |  5.0
Fighting       | |  0.5
Dodging        | |  3.4
Stealth        | |  3.0
Conjurations   | |  0.6

Action                   |  1- 3 |  4- 6 |  7- 9 | 10-12 || total
-------------------------+-------+-------+-------+-------++-------
Melee: Unarmed           |    25 |       |       |       ||    25
       Dagger            |       |    30 |    20 |     9 ||    59
 Cast: Shock             |   112 |   192 |   120 |     1 ||   425
       Airstrike         |       |       |    68 |    34 ||   102
Invok: Curse Item        |       |       |     5 |       ||     5
Evoke: Wand              |       |       |     1 |     3 ||     4
  Use: Scroll            |       |     2 |     5 |       ||     7
Armor: Robe              |     2 |     3 |     6 |       ||    11
Dodge: Dodged            |    42 |    29 |    38 |    13 ||   122
Block: Buckler           |       |     7 |    15 |     8 ||    30

Table legend: (Time is in decaauts)
 A = Elapsed time spent in this place.
 B = Non-inter-level travel time spent in this place.
 C = Inter-level travel time spent in this place.
 D = Time resting spent in this place.
 E = Time spent auto-exploring this place.
 F = Levels seen in this place.
 G = Mean time per level.
                   A        B        C        D        E       F      G
               +--------+--------+--------+--------+--------+-----+--------+
         Total |   9663 |   9375 |    288 |    585 |   7518 |  10 |  966.3 |
       Dungeon |   9572 |   9315 |    257 |    585 |   7471 |   9 | 1063.6 |
        Temple |     90 |     59 |     31 |      0 |     46 |   1 |   90.0 |
               +--------+--------+--------+--------+--------+-----+--------+

Top non-repeatable levels by time:
     D:8: 1405 daAuts
     D:5: 1365 daAuts
     D:7: 1252 daAuts
     D:3: 1233 daAuts
     D:2: 1223 daAuts
     D:1: 1077 daAuts
     D:6: 1036 daAuts
     D:4: 580 daAuts
     D:9: 398 daAuts
  Temple: 90 daAuts
